 Dungeon Crawl Stone Soup version 0.19-a0-450-g98b348d (webtiles) character file.

16 Skanax the Grave Robber (level 2, 0/19 HPs)
             Began as a Demonspawn Necromancer on June 1, 2016.
             Succumbed to an adder's poison
             ... on level 2 of the Dungeon.
             The game lasted 00:04:40 (645 turns).

Skanax the Grave Robber (Demonspawn Necromancer)     Turns: 645, Time: 00:04:41

Health: 0/19       AC:  4    Str:  8    XL:     2   Next: 37%
Magic:  0/5        EV: 12    Int: 16    God:
Gold:   73         SH:  0    Dex: 13    Spells: 2 memorised, 3 levels left

rFire  . . .     SeeInvis .     d - +2 dagger (venom)
rCold  . . .     Gourm    .     a - +0 robe
rNeg   . . .     Faith    .     (no shield)
rPois  .         Spirit   .     (no helmet)
rElec  .         Dismiss  .     h - +1 cloak
rCorr  .         Reflect  .     (no gloves)
SustAt .         Harm     .     (no boots)
MR     .....                    (no amulet)
Stlth  ++........               (no ring)
                                (no ring)

@: lethally poisoned (0 -> -8), very slightly contaminated, not resistant to
hostile enchantments, unstealthy
A: powered by death 1
a: no special abilities


You were on level 2 of the Dungeon.
You were not hungry.

You visited 1 branch of the dungeon, and saw 2 of its levels.

You collected 73 gold pieces.

Inventory:

Hand Weapons
 d - a +2 dagger of venom (weapon)
 j - a +1 dagger
Missiles
 f - 54 stones (quivered)
 m - 20 bolts
 n - 32 arrows
Armour
 a - a +0 robe (worn)
 h - a +1 cloak (worn)
Scrolls
 i - a scroll of identify
Potions
 e - 2 potions of mutation {unknown}
 g - a potion of invisibility {unknown}
 k - a potion of lignification {unknown}
 o - a potion of heal wounds {unknown}
Books
 b - a book of Necromancy

   Spells                             Type                      Level
   a - Pain                           Necromancy                   1
   b - Animate Skeleton               Necromancy                   1
   c - Vampiric Draining              Necromancy                   3
   d - Regeneration                   Charms/Necromancy            3
   e - Animate Dead                   Necromancy                   4
   f - Control Undead                 Necromancy                   4
Miscellaneous
 l - a plain deck of escape
Comestibles
 c - a bread ration


   Skills:
 + Level 1.9 Dodging
 + Level 1.9 Stealth
 + Level 2.1 Spellcasting
 + Level 4.8 Necromancy


You had 3 spell levels left.
You knew the following spells:

 Your Spells              Type           Power        Failure   Level  Hunger
a - Pain                  Necr           ###.         3%          1    #......
b - Animate Skeleton      Necr           N/A          3%          1    #......


Dungeon Overview and Level Annotations

Branches:
Dungeon (2/15)

Altars:
Nemelex Xobeh


Innate Abilities, Weirdness & Mutations

You regenerate a little health from kills.


Message History

You feel sick. The bat closely misses you. The adder closely misses you.
You miss the adder.
The adder is heavily wounded.
The bat misses you. The bat hits you.
* * * LOW HITPOINT WARNING * * *
The adder bites you.
* * * LOW HITPOINT WARNING * * *
You are more poisoned.
The adder poisons you!
Casting: Pain
Confirm with . or Enter, or press ? or * to list all spells.
Aiming: Pain
Press: ? - help, Shift-Dir - straight line, f/p - adder
Aim: an adder (heavily wounded, chance to defeat MR: 82%)
The adder convulses in agony!
* * * LOW HITPOINT WARNING * * *
You feel sick. The bat misses you. The adder barely misses you.
The bat closely misses you. The adder completely misses you.
The bat hits you but does no damage. The adder misses you.
You die...

#########
####........
#..<........
#.##.#######
#.##.# #.##.#
### #.##.#
....###.##.###
#....@.....##
###...b...$..
#..S....#.##
#........### #
.....†...#
.....=.#..
=.....# #..
.....> .#.
...... #.#.


You could see an adder and a bat.

Vanquished Creatures
  A dart slug (D:1)
  A giant cockroach (D:1)
  4 goblins
  4 bats (D:1)
  A giant newt (D:1)
  4 rats (D:1)
15 creatures vanquished.

Notes
Turn   | Place    | Note
--------------------------------------------------------------
     0 | D:1      | Skanax the Demonspawn Necromancer began the quest for the Orb.
     0 | D:1      | Reached XP level 1. HP: 13/13 MP: 3/3
     2 | D:1      | Learned a level 1 spell: Animate Skeleton
   276 | D:1      | Gained mutation: You regenerate a little health from kills. [demonic ancestry]
   276 | D:1      | Reached XP level 2. HP: 16/19 MP: 1/5
   279 | D:1      | Found a sparkling altar of Nemelex Xobeh.
   645 | D:2      | Succumbed to an adder's poison

Vault maps used:
D:1:      roderic_crop_circles_arrival_small, serial_bayou_pond_c,
          minmay_misc_feat_hallway, nemelex_deck
D:2:      lemuel_round_altar, ecumenical_altar_2, minmay_misc_feat_tower

Action                   || total
-------------------------++-------
Melee: Dagger            ||     7
 Cast: Pain              ||    24
       Animate Skeleton  ||     5
  Use: Scroll            ||     4
Armor: Robe              ||     8
Dodge: Dodged            ||    19
